 Dungeon Crawl Stone Soup version 0.26-a0-163-g6c8a0bf695 (webtiles) character file.

Game seed: 7335161748554192092

93 Murumi the Skirmisher (level 4, -5/37 HPs)
             Began as a Formicid Abyssal Knight on July 3, 2020.
             Was a Follower of Lugonu.
             Slain by Edmund
             ... wielding a +1 dire flail of protection
              (14 damage)
             ... on level 4 of the Dungeon.
             The game lasted 00:06:08 (1538 turns).

Murumi the Skirmisher (Formicid Abyssal Knight)     Turns: 1538, Time: 00:06:09

Health: -5/37      AC:  3    Str: 18    XL:     4   Next: 91%
Magic:  6/6        EV: 11    Int: 11    God:    Lugonu [*.....]
Gold:   50         SH:  0    Dex: 10    Spells: 3/3 levels left

rFire    . . .     SeeInvis +   a - +1 falchion
rCold    . . .     Faith    .   (no shield)
rNeg     . . .     Spirit   .   b - +0 leather armour
rPois    .         Reflect  .   (helmet unavailable)
rElec    .         Harm     .   (no cloak)
rCorr    .                      (no gloves)
MR       .....                  (no boots)
Stlth    +.........             (no amulet)
HPRegen  0.12/turn              (no ring)
MPRegen  0.10/turn              (no ring)

@: mighty
A: permanent stasis, dig shafts and tunnels, four strong arms, antennae 3
a: Dig, Shaft Self, Depart the Abyss, Renounce Religion


You were on level 4 of the Dungeon.
You worshipped Lugonu.
Lugonu was aware of your devotion.
You were not hungry.

You visited 1 branch of the dungeon, and saw 3 of its levels.
You visited the Abyss 1 time.

You collected 50 gold pieces.

Inventory:

Hand Weapons
 a - a +1 falchion (weapon)
Missiles
 f - 24 bolts
Armour
 b - a +0 leather armour (worn)
Scrolls
 g - 2 scrolls of magic mapping
 i - a scroll of remove curse
Potions
 e - a potion of haste {unknown}
 h - a potion of curing {unknown}
 j - a potion of ambrosia {unknown}
Comestibles
 c - 4 rations
 k - 3 chunks of flesh


   Skills:
 - Level 4.0 Fighting
 - Level 3.0 Long Blades
 + Level 3.3 Armour
 - Level 1.0 Dodging
 - Level 3.0 Invocations


You had 3 spell levels left.
You didn't know any spells.
Your spell library was empty.

Dungeon Overview and Level Annotations

Branches:
Dungeon (2/15)

Altars:
Cheibriados

Annotations:
D:2 Sigmund
D:4 Edmund


Innate Abilities, Weirdness & Mutations

You cannot be hasted, slowed, berserked, paralysed or teleported.
You can dig through walls and to a lower floor.
Your four strong arms can wield two-handed weapons with a shield.
You have a pair of large antennae on your head. (SInv)


Message History

The hound barely misses you.
You hit the hound but do no damage.
The hound is severely wounded.
The hound closely misses you. The hound bites you.
You slash the hound!
You kill the hound!
Lugonu accepts your kill.
Training target 4.0 for Fighting reached!
Your Fighting skill increases to level 4!
You need to enable at least one skill for training.
It was a potion of might.
You feel very mighty all of a sudden.
Edmund says, "A flail is better than a scythe, any day of the week!"
Edmund hits you with a +1 dire flail of protection!
You hit Edmund but do no damage.
Edmund hits you with a +1 dire flail of protection!
* * * LOW HITPOINT WARNING * * *
You hit Edmund but do no damage.
Edmund hits you with a +1 dire flail of protection!
You die...

...............
.##.#.#.....##.# ###.
##.#.#.....##.# ....
#.............. ....
#..#.......### ..#
#..#.#.....# ...##.
...........## #......
........>...###.......
..............@@.......
.#...#.#....####....###
#...#.#....# ..#....
#.. #.#..... ....... ..
#.#...... ..... #
......### #h##.#
....... .. ... .# #.


You could see Edmund (resistant).

Vanquished Creatures
  A hound (D:4)
  An iguana (D:4)
  A howler monkey skeleton (D:4)
  A dart slug (D:2)
  A leopard gecko (D:1)
  A giant cockroach (D:1)
  A goblin (D:2)
  6 hobgoblins
  3 jackals (D:1)
  2 bats
  3 kobolds (D:1)
  5 rats
26 creatures vanquished.

Notes
Turn   | Place    | Note
-------+----------+-------------------------------------------
     0 | Abyss:1  | Murumi the Formicid Abyssal Knight began the quest for the
                  | Orb.
     0 | Abyss:1  | Reached XP level 1. HP: 18/18 MP: 2/2
     0 | D:1      | Escaped the Abyss
   323 | D:1      | Reached XP level 2. HP: 12/24 MP: 2/4
   339 | D:1      | Reached * piety under Lugonu
   800 | D:1      | Reached skill level 1 in Dodging
   862 | D:1      | Reached XP level 3. HP: 28/29 MP: 5/5
  1256 | D:2      | Noticed Sigmund
  1313 | D:2      | Found a snail-covered altar of Cheibriados.
  1432 | D:2      | You fall into a shaft and drop 2 floors!
  1442 | D:4      | Reached XP level 4. HP: 29/37 MP: 6/6
  1523 | D:4      | Noticed Edmund
  1535 | D:4      | Reached skill level 4 in Fighting
  1538 | D:4      | Slain by Edmund

Illustrated notes

Levels and vault maps discovered:
D:1:      dpeg_arrival_three_smaller_balls, layout_basic, minmay_misc_feat_doors
D:2:      minmay_chambers_of_twos, layout_basic, kennysheep_slug_shrine,
          uniq_sigmund, uniq_jessica, uniq_terence
D:4:      layout_basic, tgw_trog, first_ration, serial_shops, shop, uniq_edmund

Skill      XL: |  1  2  3  4 |
---------------+-------------+-----
Invocations    | 3 |  3.0
Armour         | 3 |  3.3
Dodging        | 1 |  1.0
Long Blades    | 3 |  3.0
Fighting       | 4 |  4.0

Action                   |  1- 3 |  4- 6 || total
-------------------------+-------+-------++-------
Melee: Falchion          |    64 |    10 ||    74
Invok: Depart the Abyss  |     1 |       ||     1
  Use: Scroll            |     3 |     1 ||     4
       Potion            |       |     1 ||     1
  Eat: Chunk             |     2 |       ||     2
Armor: Leather armour    |    10 |       ||    10
Dodge: Dodged            |    26 |     7 ||    33
       Rpst.: Falchion   |    14 |       ||    14

Table legend:
 A = Non-vault XP
 B = Vault XP
 C = Vault XP percentage of total XP
 D = Non-vault monster count
 E = Vault monster count
 F = Vault count percentage of total count
                 A         B        C        D         E       F
            +---------+---------+-------+---------+---------+-------
      Total |     129 |       4 |   3.0 |      25 |       1 |   3.8
            +---------+---------+-------+---------+---------+-------
        D:1 |      31 |       0 |   0.0 |      18 |       0 |   0.0
        D:2 |       6 |       4 |  40.0 |       4 |       1 |  20.0
        D:4 |      92 |       0 |   0.0 |       3 |       0 |   0.0
            +---------+---------+-------+---------+---------+-------
